 Dungeon Crawl Stone Soup version 0.27-a0-819-g058290f16d (webtiles) character file.

Game seed: 6610280605220231377

17 Lanoc the Conjurer (level 2, -9/19 HPs)
             Began as a Human Conjurer on Mar 29, 2021.
             Was an Initiate of Ashenzari.
             Mangled by an iguana (10 damage)
             ... on level 2 of the Dungeon.
             The game lasted 00:01:18 (1363 turns).

Lanoc the Conjurer (Human Conjurer)                 Turns: 1363, Time: 00:01:19

Health: -9/19      AC:  2    Str:  7    XL:     2   Next: 80%
Magic:  0/5        EV: 12    Int: 18    God:    Ashenzari [......]
Gold:   40         SH:  0    Dex: 11    Spells: 4/5 levels left

rFire    . . .     SeeInvis .   e - +2 short sword (venom)
rCold    . . .     Faith    .   (no shield)
rNeg     . . .     Spirit   .   a - +0 robe
rPois    .         Reflect  .   (no helmet)
rElec    .         Harm     .   (no cloak)
rCorr    .         Rampage  .   (no gloves)
Will     .....                  (no boots)
Stlth    ++........             (no amulet)
HPRegen  0.06/turn              (no ring)
MPRegen  0.09/turn              (no ring)

@: no status effects
A: no striking features
a: Renounce Religion


You were on level 2 of the Dungeon.
You worshipped Ashenzari.
Ashenzari was noncommittal.
You visited 1 branch of the dungeon, and saw 2 of its levels.

You collected 40 gold pieces.

Inventory:

Hand Weapons
 e - a +2 short sword of venom (weapon)
Armour
 a - a +0 robe (worn)
Jewellery
 g - an amulet of the acrobat
Scrolls
 b - a scroll of magic mapping
 c - a scroll of immolation
 d - a scroll of blinking
Potions
 f - a potion of magic
 h - a potion of might


   Skills:
 + Level 2.3 Dodging
 - Level 2.0 Stealth
 - Level 2.0 Spellcasting
 * Level 4.5 Conjurations


You had 4 spell levels left.
You knew the following spells:

 Your Spells              Type           Power      Damage    Failure   Level
a - Magic Dart            Conj           72%        1d6       2%          1

Your spell library contained the following spells:

 Spells                   Type           Power      Damage    Failure   Level
 Searing Ray              Conj           36%        3d4       4%          2
 Dazzling Flash           Conj/Hex       18%        N/A       22%         3
 Fulminant Prism          Conj/Hex       4%         3d6       56%         4
 Iskenderun's Mystic Bla  Conj/Tloc      9%         2d4       56%         4


Dungeon Overview and Level Annotations

Branches:
Dungeon (2/15)

Altars:
Ashenzari


Message History

Confirm with . or Enter, or press ? or * to list all spells.
Aiming: Magic Dart (safe; 3% risk of failure)
Press: ? - help, Shift-Dir - straight line, f - quokka
Aim: a quokka (0% to evade)
The magic dart hits the quokka.
The quokka is almost dead.
The quokka barely misses you.
Casting: Magic Dart (safe; 3% risk of failure)
Confirm with . or Enter, or press ? or * to list all spells.
Aiming: Magic Dart (safe; 3% risk of failure)
Press: ? - help, Shift-Dir - straight line, f/p - quokka
Aim: a quokka (almost dead, 0% to evade)
You miscast Magic Dart.
You are very lightly contaminated with residual magic.
Nothing appears to happen.
The quokka bites you.
* * * LOW HITPOINT WARNING * * *
You closely miss the quokka.
The quokka is almost dead.
The quokka bites you.
* * * LOW HITPOINT WARNING * * *
The quokka barely misses you.
You barely miss the quokka.
The quokka is severely wounded.
The quokka closely misses you. The quokka bites you.
* * * LOW HITPOINT WARNING * * *
You miss the quokka.
The quokka is heavily wounded.
The quokka closely misses you.
Casting: Magic Dart (safe; 3% risk of failure)
Confirm with . or Enter, or press ? or * to list all spells.
Aiming: Magic Dart (safe; 3% risk of failure)
Press: ? - help, Shift-Dir - straight line, f/p - quokka
Aim: a quokka (heavily wounded, 0% to evade)
The magic dart hits the quokka.
You kill the quokka!
Your magical contamination has completely faded away.
A bat comes into view.
You miss the bat. The bat barely misses you. The iguana bites you!
Ouch! That really hurt!
You die...

#.....# #.....#
#†##### .. #.# #.
#...####.# ...
.........# ....
######..# .....
##########...###......
#............l@b......
####.###########......
#........... .....
############ ####


You could see an iguana and a bat.

Vanquished Creatures
  3 ball pythons (D:1)
  A giant cockroach (D:1)
  3 goblins
  2 hobgoblins
  2 quokkas
  A frilled lizard (D:1)
  A kobold (D:1)
  3 rats (D:1)
16 creatures vanquished.

Notes
Turn   | Place    | Note
-------+----------+-------------------------------------------
     0 | D:1      | Lanoc the Human Conjurer began the quest for the Orb.
     0 | D:1      | Reached XP level 1. HP: 13/13 MP: 3/3
   893 | D:1      | Found a broken altar of Ashenzari.
   901 | D:1      | Reached XP level 2. HP: 16/19 MP: 0/5
   907 | D:1      | Became a worshipper of Ashenzari the Shackled
  1363 | D:2      | Mangled by an iguana

Illustrated notes

Levels and vault maps discovered:
D:1:      wander_arrival_desolate, layout_basic, evilmike_ruin_ashenzari
D:2:      layout_basic, minmay_crystal_room

Action                   || total
-------------------------++-------
Melee: Unarmed           ||    15
       Short sword       ||    12
 Cast: Magic Dart        ||    28
Armor: Robe              ||     1
Dodge: Dodged            ||    23

Table legend: (Time is in decaauts)
 A = Elapsed time spent in this place.
 B = Non-inter-level travel time spent in this place.
 C = Inter-level travel time spent in this place.
 D = Time resting spent in this place.
 E = Time spent auto-exploring this place.
 F = Levels seen in this place.
 G = Mean time per level.
                   A        B        C        D        E       F      G
               +--------+--------+--------+--------+--------+-----+--------+
         Total |   1363 |   1348 |     15 |      0 |   1230 |   2 |  681.5 |
       Dungeon |   1363 |   1348 |     15 |      0 |   1230 |   2 |  681.5 |
               +--------+--------+--------+--------+--------+-----+--------+

Top non-repeatable levels by time:
     D:1: 1281 daAuts
     D:2: 81 daAuts
